 Dungeon Crawl Stone Soup version 0.20-a0-1122-gb7cbeb9 (webtiles) character file.

3857 toast the Cleaver (level 10, -8/88 HPs)
             Began as a Hill Orc Fighter on May 11, 2017.
             Was a Priest of Beogh.
             Mangled by a four-headed hydra (9 damage)
             ... on level 8 of the Dungeon.
             The game lasted 00:21:46 (5901 turns).

toast the Cleaver (Hill Orc Fighter)                Turns: 5901, Time: 00:21:47

Health: -8/88      AC: 19    Str: 25    XL:     10   Next: 18%
Magic:  16/16      EV:  8    Int:  8    God:    Beogh [***...]
Gold:   361        SH: 11    Dex: 10    Spells: 9/9 levels left

rFire    . . .     SeeInvis +   n - +1 flail (protect)
rCold    . . .     Gourm    .   c - +0 shield
rNeg     . . .     Faith    .   w - +2 scale mail {rPois}
rPois    +         Spirit   .   (helmet restricted)
rElec    .         Reflect  .   (no cloak)
rCorr    .         Harm     .   p - +1 pair of gloves
MR       .....                  (no boots)
Stlth    +.........             (no amulet)
Regen    0.3/turn               u - ring of stealth
MPRegen  0.2/turn               y - ring of poison resistance

@: protection aura
A: horns 1, see invisible, strong 1
a: Smiting, Renounce Religion


You were on level 8 of the Dungeon.
You worshipped Beogh.
Beogh was most pleased with you.
You were not hungry.

You visited 1 branch of the dungeon, and saw 8 of its levels.

You collected 361 gold pieces.

Inventory:

Hand Weapons
 a - a +0 war axe
 n - a +1 flail of protection (weapon)
 r - a +4 hand axe of chopping
Armour
 c - a +0 shield (worn)
 p - a +1 pair of gloves (worn)
 w - a +2 scale mail of poison resistance (worn)
Jewellery
 u - a ring of stealth (left hand)
 y - a ring of poison resistance (right hand)
Wands
 k - a wand of acid (6/15)
 q - a wand of flame (22/48)
Scrolls
 b - 6 scrolls of remove curse
 e - 3 scrolls of recharging
 i - 2 scrolls of teleportation
 m - 3 scrolls of magic mapping
 s - a scroll of amnesia
 v - a scroll of vulnerability {unknown}
 x - a scroll of blinking
Potions
 d - a potion of might
 o - 2 potions of invisibility
 t - 7 potions of curing
Comestibles
 f - 3 bread rations
 g - 18 fruits
 h - 8 royal jellies
 j - 7 meat rations
 l - 14 chunks of flesh


   Skills:
 + Level 7.9 Fighting
 * Level 10.6 Axes
 + Level 7.0 Armour
 + Level 7.1 Shields
 * Level 8.4 Invocations


You had 9 spell levels left.
You didn't know any spells.

Dungeon Overview and Level Annotations

Branches:
Dungeon (8/15)             Temple (0/1) D:4
   Lair: D:8-11

Altars:
Cheibriados
Dithmenos
Elyvilon
Fedhas
Gozag
Hepliaklqana
Kikubaaqudgha
Makhleb
Nemelex Xobeh
Vehumet
Wu Jian
Yredelemnul
Zin


Innate Abilities, Weirdness & Mutations

You have a pair of small horns on your head.
You have supernaturally acute eyesight. (SInv)
Your muscles are strong. (Str +2)


Message History

The four-headed hydra bites you.
* * * LOW HITPOINT WARNING * * *
The four-headed hydra bites you but does no damage.
You barely miss the four-headed hydra.
The four-headed hydra is almost dead.
The four-headed hydra bites you but does no damage.
The four-headed hydra bites you.
* * * LOW HITPOINT WARNING * * *
You block the four-headed hydra's attack.
The four-headed hydra misses you.
You sock the four-headed hydra!
The four-headed hydra is almost dead.
The four-headed hydra closely misses you.
You block the four-headed hydra's attack.
The four-headed hydra bites you.
* * * LOW HITPOINT WARNING * * *
The four-headed hydra bites you.
* * * LOW HITPOINT WARNING * * *
The four-headed hydra bites you!
You die...

....## #. #.....#
###########. #.....#
#....@DK.##.###.....##
#.....#.)##...........
##'''###+##...........
#.....P≈.##......_....
#..P..≈≈P###..........
#.....P≈≈#............
#......≈P#..###.....##
#.≈.≈.≈PP#..# #.....#
####)#####..###.....##


You could see a four-headed hydra and a big kobold.

Vanquished Creatures
  Pikel (D:7)
  2 dream sheep (D:8)
  A wyvern (D:8)
  2 yaks (D:8)
  2 ice beasts (D:5)
  A slave (D:7)
  An orc warrior (D:7)
  3 black bears
  3 ogres
  A centaur (D:6)
  3 bullfrogs
  2 big kobolds (D:8)
  2 scorpions
  2 howler monkeys
  A centaur zombie (D:8)
  2 crimson imps
  A hound (D:4)
  A jelly (D:5)
  7 orc priests
  A bullfrog zombie (D:6)
  Jessica (D:2)
  Terence (D:2)
  3 iguanas (D:4)
  Natasha (thrice) (D:3)
  5 orc wizards
  6 worker ants
  A hound skeleton (D:6)
  A mummy (D:8)
  Robin (D:3)
  A gnoll (D:1)
  11 adders
  2 shadow imps
  4 oozes
  An adder skeleton (D:5)
  4 worms (D:2)
  2 dart slugs
  A leopard gecko (D:1)
  25 orcs
  7 bats (D:1)
  7 giant cockroaches
  2 gnoll zombies (D:3)
  17 goblins
  10 hobgoblins
  17 jackals
  11 kobolds
  2 ball pythons
  5 frilled lizards
  A quokka skeleton (D:3)
  11 rats
202 creatures vanquished.

Notes
Turn   | Place    | Note
-------+----------+-------------------------------------------
     0 | D:1      | toast the Hill Orc Fighter began the quest for the Orb.
     0 | D:1      | Reached XP level 1. HP: 19/19 MP: 1/1
   168 | D:1      | Reached XP level 2. HP: 21/27 MP: 2/2
   298 | D:1      | Reached skill level 3 in Axes
   445 | D:1      | Reached XP level 3. HP: 21/33 MP: 3/3
   902 | D:2      | Noticed Jessica
   906 | D:2      | Killed Jessica
   906 | D:2      | Reached skill level 4 in Axes
   906 | D:2      | Reached XP level 4. HP: 41/41 MP: 4/4
   924 | D:2      | Found an ancient bone altar of Kikubaaqudgha.
  1129 | D:2      | Found a radiant altar of Vehumet.
  1159 | D:2      | Reached XP level 5. HP: 47/47 MP: 5/5
  1264 | D:2      | Noticed Terence
  1274 | D:2      | Killed Terence
  1310 | D:2      | Found a faded altar of an unknown god.
  1538 | D:3      | Reached skill level 5 in Axes
  1543 | D:3      | Found a basalt altar of Yredelemnul.
  1556 | D:3      | Found a white marble altar of Elyvilon.
  1563 | D:3      | Noticed Robin
  1575 | D:3      | Killed Robin
  1963 | D:3      | Noticed Natasha
  1974 | D:3      | Killed Natasha
  1974 | D:3      | Reached skill level 5 in Fighting
  1974 | D:3      | Reached XP level 6. HP: 39/56 MP: 6/6
  2057 | D:3      | Noticed Natasha
  2069 | D:3      | Killed Natasha
  2149 | D:3      | Noticed Natasha
  2155 | D:3      | Killed Natasha
  2400 | D:4      | Reached skill level 6 in Axes
  2421 | D:4      | Found a staircase to the Ecumenical Temple.
  2586 | D:4      | Got a slimy ring mail
  2587 | D:4      | Identified the +2 ring mail of Knowledge {Regen+ rCorr Slay-3 Stlth+} (You found it on level 4 of the Dungeon)
  2679 | D:4      | Reached XP level 7. HP: 49/61 MP: 7/7
  2861 | D:4      | Became a worshipper of Beogh the Brigand
  3031 | D:5      | Entered Level 5 of the Dungeon
  3039 | D:5      | Reached skill level 5 in Shields
  3053 | D:5      | Reached skill level 1 in Invocations
  3370 | D:5      | Found a burning altar of Makhleb.
  3415 | D:5      | Reached skill level 7 in Axes
  3687 | D:5      | Reached skill level 5 in Armour
  3718 | D:5      | Reached XP level 8. HP: 67/70 MP: 10/10
  3854 | D:5      | Found an opulent altar of Gozag.
  4180 | D:5      | Reached * piety under Beogh
  4322 | D:6      | Gained mutation: You evolve. [potion of mutation]
  4322 | D:6      | Gained mutation: You have an increased reservoir of magic. (+10% MP) [potion of mutation]
  4322 | D:6      | Gained mutation: Your flesh is cold resistant. (rC+) [potion of mutation]
  4324 | D:6      | Lost mutation: You have an increased reservoir of magic. (+10% MP) [potion of mutation]
  4324 | D:6      | Lost mutation: You evolve. [potion of mutation]
  4324 | D:6      | Lost mutation: Your flesh is cold resistant. (rC+) [potion of mutation]
  4324 | D:6      | Gained mutation: You have a pair of small horns on your head. [potion of mutation]
  4324 | D:6      | Gained mutation: Your muscles are strong. (Str +2) [potion of mutation]
  4324 | D:6      | Gained mutation: You have supernaturally acute eyesight. (SInv) [potion of mutation]
  4387 | D:6      | Reached skill level 8 in Axes
  4562 | D:6      | Reached skill level 5 in Invocations
  4953 | D:6      | Reached ** piety under Beogh
  4954 | D:6      | Reached XP level 9. HP: 73/78 MP: 13/13
  5123 | D:7      | Found a sparkling altar of Nemelex Xobeh.
  5233 | D:7      | Noticed Pikel
  5253 | D:7      | Killed Pikel
  5253 | D:7      | Reached skill level 9 in Axes
  5425 | D:7      | Found a glowing silver altar of Zin.
  5468 | D:7      | Found a shadowy altar of Dithmenos.
  5546 | D:8      | Found an ornate altar of the Wu Jian Council.
  5672 | D:8      | Found a blossoming altar of Fedhas.
  5741 | D:8      | Reached skill level 10 in Axes
  5750 | D:8      | Found a hazy altar of Hepliaklqana.
  5782 | D:8      | Found a snail-covered altar of Cheibriados.
  5841 | D:8      | Reached XP level 10. HP: 58/88 MP: 14/16
  5850 | D:8      | Reached *** piety under Beogh
  5888 | D:8      | Noticed a three-headed hydra
  5901 | D:8      | HP: 4/88 [four-headed hydra (6)]
  5901 | D:8      | HP: 1/88 [four-headed hydra (3)]
  5901 | D:8      | Mangled by a four-headed hydra

Vault maps used:
D:1:      enne_arrival_octagon_isle
D:2:      vehumet_crystals, overflow_temple_1_default,
          chequers_ecumenical_altar_simple_redux, first_bread,
          kennysheep_generic_room_12, uniq_terence, uniq_jessica
D:3:      elyvilon_altar_5, lemuel_zombie_altar_yredelemnul, uniq_natasha,
          uniq_robin
D:4:      temple_fountains, abandoned_shop, minmay_misc_feat_four_crosses
D:5:      kennysheep_mini_moat, bloody_makhleb
D:7:      nemelex_xobeh_ov_fountains_minmay, kennysheep_mini,
          lemuel_doored_altar, uniq_pikel
D:8:      cheibrodos_elevator_heist, kennysheep_little_box,
          overflow_temple_1_default, fedhas_altar_3, slow_altar_1,
          hangedman_ranch

Skill      XL: |  1  2  3  4  5  6  7  8  9 10 |
---------------+-------------------------------+-----
Fighting       | 4 5 6 7 |  7.9
Axes           | 3 4 5 6 7 8 10 | 10.6
Shields        | 4 5 6 7 |  7.1
Armour         | 4 5 6 7 |  7.0
Invocations    | 2 5 8 |  8.4

Action                   |  1- 3 |  4- 6 |  7- 9 | 10-12 || total
-------------------------+-------+-------+-------+-------++-------
Melee: War axe           |    98 |   220 |    92 |       ||   410
       Hand axe          |       |       |   207 |    22 ||   229
       Headbutt          |       |       |    34 |     8 ||    42
       Flail             |       |       |       |     8 ||     8
Invok: Convert to Beogh  |       |       |     1 |       ||     1
  Use: Scroll            |       |    11 |     2 |       ||    13
       Potion            |       |       |    10 |       ||    10
  Eat: Chunk             |       |     6 |    11 |       ||    17
Armor: Scale mail        |    47 |    91 |   103 |    13 ||   254
Dodge: Dodged            |    29 |    86 |    59 |    11 ||   185
Block: Shield            |    52 |   134 |   121 |    22 ||   329
